 Dungeon Crawl Stone Soup version 0.21-a0-538-gd16b88a (webtiles) character file.

528 slep the Chopper (level 7, 0/54 HPs)
             Began as a Barachi Gladiator on Dec 15, 2017.
             Succumbed to a scorpion's poison
             ... on level 6 of the Dungeon.
             The game lasted 00:12:18 (2755 turns).

slep the Chopper (Barachi Gladiator)                Turns: 2755, Time: 00:12:19

Health: 0/54       AC:  7    Str: 16    XL:     7   Next: 23%
Magic:  7/7        EV: 12    Int: 12    God:
Gold:   133        SH:  3    Dex: 15    Spells: 6/6 levels left

rFire    . . .     SeeInvis .   a - +0 war axe
rCold    . . .     Gourm    .   B - +0 buckler
rNeg     . . .     Faith    .   D - +0 ring mail (curse)
rPois    .         Spirit   .   c - +0 helmet
rElec    .         Reflect  .   (no cloak)
rCorr    .         Harm     .   e - +0 pair of gloves
MR       .....                  (no boots)
Stlth    +.........             t - amulet of rage
HPRegen  0.18/turn              x - +4 ring of intelligence
MPRegen  0.10/turn              (no ring)

@: lethally poisoned (0 -> -6), slow
A: +LOS, swims, slowness 1, strong legs 1
a: Hop, Evoke Berserk Rage


You were on level 6 of the Dungeon.
You were hungry.

You visited 2 branches of the dungeon, and saw 7 of its levels.

You collected 133 gold pieces.

Inventory:

Hand Weapons
 a - a +0 war axe (weapon)
 s - a +2 falchion of holy wrath
 G - a +4 spear
Missiles
 d - 4 throwing nets (quivered)
Armour
 b - a +0 leather armour
 c - a +0 helmet (worn)
 e - a +0 pair of gloves (worn)
 w - a +3 leather armour
 B - a +0 buckler (worn)
 D - a cursed +0 ring mail (worn)
Jewellery
 t - an amulet of rage (around neck)
 x - a +4 ring of intelligence (left hand)
Wands
 C - a wand of random effects (16)
Scrolls
 g - 2 scrolls of blinking {unknown}
 i - 2 scrolls of remove curse {unknown}
 k - a scroll of random uselessness {unknown}
 m - 4 scrolls of identify {unknown}
 q - a scroll of amnesia {unknown}
 y - 2 scrolls of enchant armour {unknown}
 A - a scroll of enchant weapon {unknown}
 E - a scroll of teleportation {unknown}
Potions
 h - 5 potions of curing {unknown}
 j - 2 potions of cancellation {unknown}
 l - a potion of heal wounds {unknown}
 o - a potion of might {unknown}
 r - a potion of brilliance {unknown}
 u - a potion of resistance {unknown}
 v - a potion of invisibility {unknown}
 F - a potion of agility {unknown}
Comestibles
 f - 4 bread rations
 n - 2 royal jellies
 p - 3 fruits
 z - a meat ration


   Skills:
 + Level 4.1 Fighting
 + Level 6.6 Axes
 + Level 2.1 Throwing
 + Level 3.0 Armour
 + Level 4.5 Dodging
 + Level 1.1 Stealth
 + Level 0.1 Shields


You had 6 spell levels left.
You didn't know any spells.

Dungeon Overview and Level Annotations

Branches:
Dungeon (6/15)             Temple (1/1) D:5

Altars:
Ashenzari
Fedhas
Gozag
Hepliaklqana
Kikubaaqudgha
Nemelex Xobeh
Sif Muna
Trog
Uskayaw
Wu Jian
Xom
Zin
The Shining One

Annotations:
D:2 1 runed door


Innate Abilities, Weirdness & Mutations

Shadows flee at your approach. (+LOS)
You can swim through water.
You cover ground slowly.
You can hop short distances.


Message History

The adder bites you.
* * * LOW HITPOINT WARNING * * *
You slash the adder!
The adder is severely wounded.
The adder closely misses you. x2
You hit the adder.
You kill the adder!
Your Armour skill increases to level 3!
You hit the scorpion but do no damage. The scorpion stings you.
* * * LOW HITPOINT WARNING * * *
You hit the scorpion.
The scorpion is lightly wounded.
The scorpion stings you!
* * * LOW HITPOINT WARNING * * *
You are lethally poisoned!
The scorpion poisons you!
You hit the scorpion but do no damage.
The scorpion is lightly wounded.
You are no longer corroded.
You die...

.. .. ..# #.#.#
.........## #.#.#.#.#.#
# . .........##
#.#.#.#.#.#.#.#
............##
#.#.#.#s#.#.#.#.#
#......@........#
#..#.#.#.#.#.#..########
#.....$.......#.........
##..#(#.#.#.#.###.####.#
#..#.........## #.# #.#
#. #.#.#.#.#.# #.# #.# #
............ ... #)#
.##..$#####.## #.# #<#
#### #.# #.# ###


You could see a scorpion.

Vanquished Creatures
  A bullfrog (D:6)
  A howler monkey (D:5)
  A crimson imp (D:5)
  A centaur zombie (D:5)
  2 hounds
  2 jellies
  A centaur skeleton (D:5)
  2 worker ants (D:5)
  A hound zombie (D:5)
  An adder (D:6)
  3 gnolls (D:4)
  An ooze (D:2)
  2 worms (D:2)
  4 dart slugs
  2 leopard geckos
  6 orcs
  2 ball pythons (D:1)
  9 giant cockroaches
  8 goblins
  3 hobgoblins (D:1)
  6 jackals
  9 kobolds
  A quokka (D:2)
  A ball python skeleton (D:5)
  13 bats
  7 frilled lizards
  9 rats
99 creatures vanquished.

Notes
Turn   | Place    | Note
-------+----------+-------------------------------------------
     0 | D:1      | slep the Barachi Gladiator began the quest for the Orb.
     0 | D:1      | Reached XP level 1. HP: 17/17 MP: 1/1
    55 | D:1      | Reached XP level 2. HP: 20/23 MP: 2/2
   406 | D:1      | Reached XP level 3. HP: 27/28 MP: 3/3
   670 | D:2      | Reached skill level 4 in Axes
   680 | D:2      | Reached skill level 1 in Armour
   735 | D:2      | Reached XP level 4. HP: 17/35 MP: 4/4
  1056 | D:2      | Found a deep blue altar of Sif Muna.
  1111 | D:2      | Found a runed door.
  1285 | D:3      | Noticed Grinder
  1392 | D:3      | Reached XP level 5. HP: 29/41 MP: 5/5
  1469 | D:4      | Reached skill level 5 in Axes
  1474 | D:4      | Reached skill level 1 in Stealth
  1828 | D:5      | Entered Level 5 of the Dungeon
  1848 | D:5      | Reached XP level 6. HP: 31/47 MP: 6/6
  2077 | D:5      | Found a blossoming altar of Fedhas.
  2223 | D:5      | Reached skill level 6 in Axes
  2229 | D:5      | Found a bloodstained altar of Trog.
  2259 | D:5      | Found a shattered altar of Ashenzari.
  2291 | D:5      | Found a staircase to the Ecumenical Temple.
  2365 | Temple   | Entered the Ecumenical Temple
  2729 | D:6      | Reached XP level 7. HP: 36/54 MP: 7/7
  2754 | D:6      | HP: 1/54 [scorpion (10)]
  2755 | D:6      | Succumbed to a scorpion's poison

Vault maps used:
D:1:      dpeg_arrival_pits
D:2:      lemuel_blue_sif_altar, uniq_crazy_yiuf_cottage
D:3:      minmay_fountain_box, uniq_grinder, uniq_jessica, uniq_robin
D:5:      nicolae_ashenzari_panopticon, nicolae_overflow_crystal_walls,
          temple_doors_e, first_bread, basic_altar
D:6:      hex_medium
Temple:   zaba_magenta_temple

Skill      XL: |  1  2  3  4  5  6  7 |
---------------+----------------------+-----
Axes           | 4 5 6 |  6.6
Armour         | 1 2 3 |  3.0
Fighting       | 3 4 |  4.1
Dodging        | 4 |  4.5
Stealth        | 1 |  1.1
Throwing       | |  2.1
Shields        | |  0.1

Action                   |  1- 3 |  4- 6 |  7- 9 || total
-------------------------+-------+-------+-------++-------
Melee: War axe           |   111 |   179 |    17 ||   307
 Stab: Sleeping          |     1 |     2 |       ||     3
  Eat: Chunk             |       |     7 |       ||     7
Armor: Leather armour    |    56 |    73 |       ||   129
       Ring mail         |       |     4 |     1 ||     5
Dodge: Dodged            |    90 |   155 |     9 ||   254
Block: Buckler           |       |     9 |     3 ||    12

Table legend:
 A = Spawn XP
 B = Non-spawn XP
 C = Spawn XP percentage of total XP
 D = Spawn monster count
 E = Non-spawn monster count
 F = Spawn count percentage of total count
 G = Total turns spent on level
                    A         B        C        D         E        F      G
               +---------+---------+-------+---------+---------+-------+---------
         Total |       0 |     755 |   0.0 |       0 |      99 |   0.0 |  2755
               +---------+---------+-------+---------+---------+-------+---------
           D:1 |       0 |      43 |   0.0 |       0 |      27 |   0.0 |   602
           D:2 |       0 |     108 |   0.0 |       0 |      34 |   0.0 |   694
           D:3 |       0 |      23 |   0.0 |       0 |      11 |   0.0 |   155
           D:4 |       0 |      97 |   0.0 |       0 |      11 |   0.0 |   377
           D:5 |       0 |     327 |   0.0 |       0 |      12 |   0.0 |   698
           D:6 |       0 |     157 |   0.0 |       0 |       4 |   0.0 |   149
               +---------+---------+-------+---------+---------+-------+---------
